 Dungeon Crawl Stone Soup version 0.23.1-42-g8abd8fc (webtiles) character file.

Game seed: 10991630832564872781

97500 Borgoz the Protected (level 16, 0/145 HPs)
             Began as a Gargoyle Gladiator on Mar 30, 2019.
             Was a High Priest of Ashenzari.
             Slain by a red devil
             ... wielding a +0 trident
              (6 damage)
             ... in a wizard's laboratory.
             The game lasted 01:28:59 (30477 turns).

Borgoz the Protected (Gargoyle Gladiator)          Turns: 30477, Time: 01:28:59

Health: 0/145      AC: -4    Str: 25    XL:     16   Next: 19%
Magic:  0/19       EV: 12    Int: 12    God:    Ashenzari [*****.]
Gold:   994        SH:  0    Dex: 16    Spells: 19/19 levels left

rFire    + . .     SeeInvis +   b - +3 short sword (elec)
rCold    + + +     Gourm    .   (no shield)
rNeg     + . .     Faith    .   r - +1 crystal plate armour
rPois    ∞         Spirit   +   (helmet restricted)
rElec    +         Reflect  .   k - +1 cloak {rC+}
rCorr    .         Harm     .   (no gloves)
MR       +++..     Clarity  +   W - +0 pair of boots
Stlth    ..........             y - amulet of guardian spirit
HPRegen  0.34/turn              J - ring of protection from magic
MPRegen  0.16/turn              X - ring "Homper" {rF+ rC+ MR+ Int+3 SInv} (curse)

@: berserking, corroded, flying, lightly drained, very quick
A: big wings, hooves 1, horns 1, blink, cold resistance 1, negative energy
resistance 1, electricity resistance, unbreathing, evolution 1, petrification
resistance, rot immunity, MP-powered wands, AC +12
a: Stop Flying, Blink, Curse Item, Scrying, Transfer Knowledge, Renounce
Religion


You were in a wizard's laboratory.
You worshipped Ashenzari.
Ashenzari was extremely pleased with you.
You were not hungry.

You visited 6 branches of the dungeon, and saw 26 of its levels.
You visited 1 bazaar.
You also visited: Ossuary, Ice Cave, Volcano and Wizlab.

You collected 2812 gold pieces.
You spent 1818 gold pieces at shops.

Inventory:

Hand Weapons
 a - a +5 rapier of venom
 b - a +3 short sword of electrocution (weapon)
 m - a +3 dagger of holy wrath
 Z - a +2 short sword of freezing
Missiles
 Q - 21 tomahawks (quivered)
Armour
 k - a +1 cloak of cold resistance (worn)
 r - a +1 crystal plate armour (worn)
 F - a +2 chain mail of fire resistance
 W - a +0 pair of boots (worn)
Jewellery
 g - a +3 ring of strength
 y - an amulet of guardian spirit (around neck)
 J - a ring of protection from magic (left hand)
 R - an uncursed amulet of regeneration
 S - an uncursed ring of fire
 V - an uncursed ring of positive energy
 X - the cursed ring "Homper" (right hand) {rF+ rC+ MR+ Int+3 SInv}
   (You found it on level 6 of the Lair of Beasts)

   [ring of intelligence]

   It affects your intelligence (+3).
   It protects you from fire.
   It protects you from cold.
   It affects your resistance to hostile enchantments.
   It lets you see invisible.
   It has a curse placed upon it.
Wands
 i - a wand of disintegration (31)
 p - a wand of acid (32)
 B - a wand of iceblast (50)
 H - a wand of enslavement (10)
 I - a wand of digging (8)
Scrolls
 j - 5 scrolls of fog
 l - 2 scrolls of identify
 s - 8 scrolls of teleportation
 t - 2 scrolls of blinking
 w - 5 scrolls of magic mapping
 z - 2 scrolls of summoning
 C - a scroll of silence
 D - 16 scrolls of remove curse
 M - 2 scrolls of fear
Potions
 e - 10 potions of curing
 q - a potion of cancellation
 x - a potion of haste
 K - 2 potions of might
 N - a potion of agility
Comestibles
 f - 40 rations


   Skills:
 + Level 10.3(9.7) Fighting
 * Level 13.8(13.1) Short Blades
 + Level 3.0(2.5) Throwing
 * Level 14.0(13.3) Armour
 * Level 12.8(12.2) Dodging
 + Level 10.9(10.3) Stealth
 + Level 2.0(1.5) Spellcasting
 - Level 5.0(4.4) Evocations


You had 19 spell levels left.
You didn't know any spells.
Your spell library contained the following spells:

 Spells                   Type           Power        Failure   Level  Hunger
 Magic Dart               Conj           #...         100%        1    ##.....
 Sandblast                Erth           #.....       100%        1    ##.....
 Shock                    Conj/Air       #...         100%        1    ##.....
 Summon Small Mammal      Summ           #...         100%        1    ##.....
 Call Imp                 Summ           #.......     100%        2    ###....
 Passwall                 Tmut/Erth      #.......     100%        2    ###....
 Searing Ray              Conj           #.....       100%        2    ###....
 Swiftness                Chrm/Air       #.......     100%        2    ###....
 Call Canine Familiar     Summ           #.......     100%        3    ####...
 Dazzling Spray           Conj/Hex       #.....       100%        3    ####...
 Static Discharge         Conj/Air       #.......     100%        3    ####...
 Stone Arrow              Conj/Erth      #.....       100%        3    ####...
 Summon Guardian Golem    Hex/Summ       #.......     100%        3    ####...
 Airstrike                Air            #.........   100%        4    #####..
 Force Lance              Conj/Tloc      #.......     100%        4    #####..
 Fulminant Prism          Conj/Hex       #.........   100%        4    #####..
 Iskenderun's Mystic Bla  Conj           #.......     100%        4    #####..
 Petrify                  Tmut/Erth      #.......     100%        4    #####..
 Summon Ice Beast         Ice/Summ       #.......     100%        4    #####..
 Summon Lightning Spire   Summ/Air       #.......     100%        4    #####..
 Lee's Rapid Deconstruct  Erth           #.........   100%        5    ######.
 Lightning Bolt           Conj/Air       #.........   100%        5    ######.


Dungeon Overview and Level Annotations

Branches:
Dungeon (15/15)            Temple (1/1) D:7            Lair (6/6) D:8
  Swamp (0/4) Lair:2        Snake (0/4) Lair:4        Slime (0/5) Lair:5
    Orc (2/2) D:12            Elf (1/3) Orc:2        Vaults (0/5) D:14
 Depths (1/5) D:15

Altars:
Ashenzari
Cheibriados
Dithmenos
Elyvilon
Fedhas
Gozag
Hepliaklqana
Kikubaaqudgha
Makhleb
Nemelex Xobeh
Okawaru
Qazlal
Ru
Sif Muna
Trog
Uskayaw
Vehumet
Wu Jian
Xom
Yredelemnul
Zin
The Shining One

Shops:
D:4 (   D:7 [   D:11 ((   D:13 %   D:14 *(   Orc:1 }   Orc:2 =!=*

Annotations:
D:15 3 runed translucent doors, bmj180's ghost, journeyman MiFi; misha's ghost, journeyman MiFi
Depths:1 exclusion: obsidian statue


Innate Abilities, Weirdness & Mutations

You are resistant to torment.
Your stone body is resilient. (AC +12)
You are immune to poison.
Your large and strong wings let you fly indefinitely.
You resist negative energy. (rN+)
You are resistant to electric shocks. (rElec)
You can survive without breathing.
You are immune to petrification.
You are immune to rotting.
You have large cloven feet.
You have a pair of small horns on your head.
You can translocate small distances at will.
Your flesh is cold resistant. (rC+)
You evolve.
You expend magic power (3 MP) to strengthen your wands.


Message History

You headbutt the rust devil, but do no damage.
The rust devil is almost dead.
The soul eater hits you!!
* * * LOW HITPOINT WARNING * * *
You hit the rust devil but do no damage.
You headbutt the rust devil, but do no damage.
The rust devil is almost dead.
The red devil misses you. The rust devil hits you.
* * * LOW HITPOINT WARNING * * *
The rust devil corrodes you!
You barely miss the rust devil. Your headbutt misses the rust devil.
The rust devil is almost dead.
You hit the rust devil but do no damage.
The rust devil is almost dead.
The soul eater completely misses you.
You hit the rust devil but do no damage.
You headbutt the rust devil, but do no damage.
The rust devil is almost dead.
The red devil hits you from afar with a +0 trident.
You die...

* ########### **# , **
#8...∩...8# *.#** ,, *
#.........# * ... ,,
*#..##.##..# ,.... ,
#. #...##.#* ..... , *
, , , #
...#....##...... *
..#...#..@44....., ,
,,,......∩.....3......
,, ,
##..#...#..##......,
,, #,...#....# ......
,, ,,, * ##,..##.#
..... , * *#.#*..#*
#.... , * ..., ..⌠*
##.. *** **, ##, #..**
* .. , , ,, * ** , ,


You could see a soul eater, a rust devil and a red devil.

Vanquished Creatures
  Rupert (Lair:2)
  Agnes (D:15)
  A stone giant (Volcano)
  2 fire dragons (D:15)
  2 deep elf death magi (Elf:1)
  Josephine (Lair:5)
  4 hydras
  A vault guard (D:14)
  2 centaur warriors
  A two-headed ogre (D:10)
  2 death yaks (Lair:4)
  A dancing weapon (Elf:1)
  Urug (Lair:2)
  3 orc high priests (Orc:2)
  Sonja (D:10)
  A deep elf knight (Elf:1)
  A wizard (D:14)
  An obsidian statue (Volcano)
  A deep elf archer (Elf:1)
  7 orc knights
  4 lindwurms (Lair:6)
  2 necromancers (D:14)
  4 oklob plants (Lair:1)
  15 deep elf magi
  3 cyclopes
  6 orc sorcerers
  A manticore (D:12)
  4 ugly things
  5 elephants
  A centaur zombie (D:12)
  Maurice (D:12)
  A torpor snail (Lair:4)
  Joseph (D:7)
  2 ice statues (IceCv)
  4 black mambas
  25 spiny frogs
  2 gargoyles
  An efreet (Volcano)
  A kobold demonologist (D:14)
  A yaktaur (D:14)
  A rime drake (Lair:1)
  18 komodo dragons
  13 ice devils (IceCv)
  5 trolls
  5 tyrant leeches (Lair:6)
  2 hornets
  A polar bear (Lair:5)
  18 blink frogs
  3 meliai (D:15)
  7 slime creatures
  A meliai zombie (D:10)
  6 hippogriffs
  A vampire (D:15)
  An air elemental (Elf:1)
  A spriggan (Lair:4)
  3 wraiths (Lair:5)
  2 wyverns
  A fire elemental (Volcano)
  5 fire bats (Volcano)
  4 basilisks
  34 yaks
  A hungry ghost (D:12)
  A shadow (D:11)
  13 vampire mosquitoes
  20 humans (D:14)
  A chaos spawn (WizLab)
  A warg (Orc:1)
  15 water moccasins
  8 porcupines
  3 black bears
  2 sky beasts
  3 ice beasts
  A hornet zombie (D:15)
  A necrophage (D:7)
  7 ogres
  20 orc warriors
  3 phantoms
  A wolf (Lair:1)
  13 centaurs
  16 crocodiles
  3 big kobolds
  22 bullfrogs
  2 earth elementals (Elf:1)
  A gnoll sergeant (D:11)
  A wyvern zombie (D:9)
  6 water moccasin zombies (Ossuary)
  5 scorpions
  3 killer bees (D:12)
  8 wights
  5 howler monkeys
  5 crimson imps
  6 lava snakes (Volcano)
  18 jellies
  2 bullfrog skeletons
  2 bullfrog zombies
  20 orc priests
  7 hounds
  19 orc wizards
  8 centaur skeletons
  Crazy Yiuf (D:2)
  8 iguanas
  6 worker ants
  A big kobold zombie (Ossuary)
  3 mummies
  11 adders
  7 gnolls
  7 shadow imps
  20 white imps
  6 ufetubi (IceCv)
  2 oozes (Lair:5)
  8 adder zombies
  An adder skeleton (D:4)
  A worm (D:2)
  2 dart slugs
  5 leopard geckos
  59 orcs
  6 giant cockroaches
  4 gnoll zombies (Ossuary)
  4 goblins
  11 hobgoblins
  8 jackals
  5 quokkas
  2 ball pythons
  7 bats
  2 frilled lizards (D:1)
  3 hobgoblin zombies (Ossuary)
  16 kobolds
  A kobold zombie (Ossuary)
  2 leopard gecko skeletons
  An orc zombie (Ossuary)
  5 rats
  A spectral orc (D:2)
  A plant (Lair:1)
751 creatures vanquished.

Vanquished Creatures (collateral kills)
  A sky beast (D:13)
1 creature vanquished.

Vanquished Creatures (others)
  A reaper (IceCv)
  An orc wizard (Orc:2)
  3 white imps (IceCv)
  An ufetubus (IceCv)
  9 fungi
  34 plants
49 creatures vanquished.

Grand Total: 801 creatures vanquished

Notes
Turn   | Place    | Note
-------+----------+-------------------------------------------
     0 | D:1      | Borgoz the Gargoyle Gladiator began the quest for the Orb.
     0 | D:1      | Reached XP level 1. HP: 12/12 MP: 1/1
   210 | D:1      | Reached XP level 2. HP: 14/18 MP: 2/2
   783 | D:1      | Reached XP level 3. HP: 21/22 MP: 3/3
   895 | D:2      | Found a blossoming altar of Fedhas.
  1073 | D:2      | Reached skill level 1 in Stealth
  1250 | D:2      | Found a basalt altar of Yredelemnul.
  1397 | D:2      | Found a runed translucent door.
  1398 | D:2      | Noticed Crazy Yiuf
  1898 | D:2      | Killed Crazy Yiuf
  1898 | D:2      | Reached skill level 1 in Armour
  1898 | D:2      | Reached XP level 4. HP: 16/27 MP: 4/4
  2295 | D:3      | Reached XP level 5. HP: 19/31 MP: 5/5
  2398 | D:3      | Found a shattered altar of Ashenzari.
  2491 | D:3      | Became a worshipper of Ashenzari the Shackled
  2851 | D:4      | Found Xuh Ceyn's Antique Weapon Shop.
  3079 | D:4      | Reached XP level 6. HP: 36/37 MP: 6/6
  3225 | D:4      | Reached skill level 2 in Armour
  3418 | D:4      | Reached skill level 6 in Armour
  3418 | D:4      | Reached XP level 7. HP: 41/41 MP: 7/7
  4020 | D:5      | Entered Level 5 of the Dungeon
  4224 | D:5      | Found a sand-covered staircase.
  4236 | Ossuary  | Entered an ossuary
  4324 | Ossuary  | Reached XP level 8. HP: 45/46 MP: 8/8
  4817 | D:5      | Found a white marble altar of Elyvilon.
  5246 | D:6      | Reached XP level 9. HP: 46/52 MP: 7/9
  5421 | D:6      | Reached skill level 7 in Armour
  5965 | D:7      | Found a stormy altar of Qazlal.
  6037 | D:7      | Reached * piety under Ashenzari
  6117 | D:7      | Found Beyhula's Antique Armour Shoppe.
  6123 | D:7      | Found a staircase to the Ecumenical Temple.
  6152 | Temple   | Entered the Ecumenical Temple
  6226 | D:7      | Noticed Joseph
  6253 | D:7      | Killed Joseph
  6299 | D:7      | Found a hide-covered altar of Uskayaw.
  6335 | D:7      | Reached XP level 10. HP: 56/58 MP: 10/10
  6442 | D:8      | Noticed an elephant
  6443 | D:8      | Found a staircase to the Lair.
  6465 | D:8      | Killed an elephant
  6484 | Lair:1   | Entered Level 1 of the Lair of Beasts
  7487 | D:9      | Reached skill level 5 in Fighting
  7531 | D:9      | Reached skill level 5 in Stealth
  7696 | D:9      | Found an ancient bone altar of Kikubaaqudgha.
  7696 | D:9      | Found a bloodstained altar of Trog.
  7696 | D:9      | Found a shimmering altar of Xom.
  8133 | D:10     | Entered Level 10 of the Dungeon
  8147 | D:10     | Noticed Sonja
  8193 | D:10     | Killed Sonja
  8435 | D:10     | Noticed a two-headed ogre
  8471 | D:10     | Killed a two-headed ogre
  8471 | D:10     | Reached skill level 8 in Armour
  8471 | D:10     | Reached XP level 11. HP: 37/64 MP: 9/11
  8722 | D:10     | Reached skill level 10 in Short Blades
  9012 | D:11     | Found a flickering gateway to a bazaar.
  9111 | Bazaar   | Entered a bazaar
  9111 | Bazaar   | Reached ** piety under Ashenzari
  9128 | Bazaar   | Found Numaki's Assorted Antiques.
  9143 | Bazaar   | Found Pusoum's Distillery.
  9158 | Bazaar   | Found Rosog Rafo's Armour Shoppe.
  9173 | Bazaar   | Found Nixasouk's Distillery.
  9173 | Bazaar   | Found Siwneen's Book Shoppe.
  9265 | Bazaar   | Bought a potion of might for 36 gold pieces
  9265 | Bazaar   | Bought a potion of heal wounds for 45 gold pieces
  9265 | Bazaar   | Bought a potion of might for 36 gold pieces
  9265 | Bazaar   | Bought a potion of might for 36 gold pieces
  9265 | Bazaar   | Bought a potion of invisibility for 72 gold pieces
  9558 | Bazaar   | Bought the +2 helmet of Divine Intervention {rPois rF+
                  | Slay+2} for 411 gold pieces
  9572 | Bazaar   | Bought a potion of heal wounds for 75 gold pieces
  9592 | D:11     | Noticed a green ugly thing
  9642 | D:11     | Killed a green ugly thing
  9642 | D:11     | Reached skill level 1 in Evocations
 10375 | D:11     | Found Lolyss's Antique Weapon Shop.
 10430 | D:11     | Reached skill level 9 in Armour
 10664 | D:11     | Found Jinurrai's Weapon Shop.
 10829 | D:12     | Noticed a cyclops
 10830 | D:12     | Noticed a red ugly thing
 10849 | D:12     | Killed a red ugly thing
 10860 | D:12     | Killed a cyclops
 11260 | D:12     | Noticed a manticore
 11314 | D:12     | Killed a manticore
 11314 | D:12     | Reached XP level 12. HP: 64/71 MP: 11/13
 11349 | D:12     | Noticed Maurice
 11379 | D:12     | Found a staircase to the Orcish Mines.
 11395 | D:12     | Killed Maurice
 11704 | D:12     | Reached skill level 10 in Dodging
 11791 | D:13     | Noticed a centaur warrior
 11814 | D:13     | Killed a centaur warrior
 12331 | D:12     | Reached skill level 10 in Armour
 12891 | D:13     | Found Yduneixih's Food Shoppe.
 13368 | D:14     | Found a gate to the Vaults.
 13369 | D:14     | Noticed a vault guard
 13387 | D:14     | Killed a vault guard
 13391 | D:14     | Reached XP level 13. HP: 55/76 MP: 11/15
 13629 | D:14     | Found Gulec's Antique Weapon Shoppe.
 14064 | D:14     | Found Bippiust's Demolitions Depot.
 14207 | D:14     | Found a shattered altar of Ashenzari.
 14600 | D:15     | Entered Level 15 of the Dungeon
 14600 | D:15     | Found a frozen archway.
 14714 | D:15     | Reached skill level 11 in Armour
 14772 | IceCv    | Entered an ice cave
 15093 | IceCv    | Killed a reaper
 16303 | IceCv    | Got the cursed flail "Olly" {speed, +Fly rElec rC-}
 18013 | Lair:2   | Noticed Urug
 18035 | Lair:2   | Killed Urug
 18035 | Lair:2   | Gained mutation: Your large and strong wings let you fly
                  | indefinitely. [Gargoyle growth]
 18035 | Lair:2   | Reached XP level 14. HP: 73/84 MP: 15/17
 18144 | Lair:2   | Found a staircase to the Swamp.
 18150 | Lair:2   | Reached *** piety under Ashenzari
 18157 | Lair:2   | Reached skill level 5 in Evocations
 18848 | Lair:3   | Noticed Rupert
 18850 | Lair:3   | Paralysed by Rupert for 7 turns
 18908 | Lair:2   | Killed Rupert
 19142 | Lair:2   | Reached skill level 12 in Armour
 20110 | Lair:4   | Found a staircase to the Snake Pit.
 21064 | Lair:5   | Reached **** piety under Ashenzari
 21097 | Lair:5   | Found a staircase to the Slime Pits.
 21259 | Lair:5   | Noticed Josephine
 21321 | Lair:5   | Killed Josephine
 21845 | Lair:6   | Entered Level 6 of the Lair of Beasts
 22171 | Lair:6   | Reached XP level 15. HP: 49/90 MP: 14/18
 22287 | Lair:6   | Reached skill level 13 in Armour
 22313 | Lair:6   | Found a dark tunnel.
 22337 | Volcano  | Entered a volcano
 22736 | Volcano  | Reached skill level 10 in Stealth
 22755 | Volcano  | Gained mutation: Armour fits poorly on your strangely
                  | shaped body. [a neqoxec]
 22764 | Volcano  | Found a bloodstained altar of Trog.
 23231 | Lair:6   | Identified the ring "Homper" {rF+ rC+ MR+ Int+3 SInv}
 23626 | Lair:6   | Got the cursed scale mail "Jotzymn" {+Blink rCorr}
 23663 | Lair:6   | Got the war axe "Kehue" {chop, rC+ MR++ Dex+3}
 23667 | Lair:6   | Got the mace "Widowmaker" {drain, Int+5 Dex+2 Stlth+}
 23814 | Lair:1   | Identified the cursed +1 scale mail "Jotzymn" {+Blink
                  | rCorr} (You found it on level 6 of the Lair of Beasts)
 23862 | Lair:1   | Gained mutation: Scrolls take you a little longer to read.
                  | [potion of mutation]
 23862 | Lair:1   | Gained mutation: Your flesh is cold resistant. (rC+)
                  | [potion of mutation]
 23863 | Lair:1   | Lost mutation: Armour fits poorly on your strangely shaped
                  | body. [potion of mutation]
 23863 | Lair:1   | Gained mutation: You have large cloven feet. [potion of
                  | mutation]
 23863 | Lair:1   | Gained mutation: You expend magic power (3 MP) to
                  | strengthen your wands. [potion of mutation]
 23863 | Lair:1   | Gained mutation: You have a pair of small horns on your
                  | head. [potion of mutation]
 23864 | Lair:1   | Lost mutation: Scrolls take you a little longer to read.
                  | [potion of mutation]
 23864 | Lair:1   | Lost mutation: You have a pair of small horns on your head.
                  | [potion of mutation]
 23864 | Lair:1   | Lost mutation: Your flesh is cold resistant. (rC+) [potion
                  | of mutation]
 23864 | Lair:1   | Gained mutation: You can translocate small distances at
                  | will. [potion of mutation]
 23864 | Lair:1   | Gained mutation: You have a pair of small horns on your
                  | head. [potion of mutation]
 23864 | Lair:1   | Gained mutation: You evolve. [potion of mutation]
 24019 | D:11     | Bought a runed rapier for 196 gold pieces
 24019 | D:11     | Bought a glowing rapier for 196 gold pieces
 24632 | Lair:6   | Gained mutation: Your flesh is cold resistant. (rC+)
                  | [evolution]
 25504 | D:15     | Noticed Agnes
 25521 | D:15     | Killed Agnes
 25614 | D:15     | Found a runed translucent gate.
 25614 | D:15     | Found a runed translucent gate.
 25614 | D:15     | Found a runed translucent gate.
 25735 | D:15     | Found a staircase to the Depths.
 25887 | D:15     | Found a deep blue altar of Sif Muna.
 25998 | D:15     | Found an ancient bone altar of Kikubaaqudgha.
 25998 | D:15     | Noticed a lich
 25998 | D:15     | Noticed a lich
 25998 | D:15     | Noticed misha's ghost (journeyman MiFi)
 25998 | D:15     | Noticed a lich
 25999 | D:15     | Noticed bmj180's ghost (journeyman MiFi)
 26002 | D:15     | Identified the ring "Enucvus" {rElec rC+ rN+}
 26047 | Depths:1 | Entered Level 1 of the Depths
 26156 | Depths:1 | Noticed a cacodemon
 26253 | Orc:1    | Entered Level 1 of the Orcish Mines
 26517 | Orc:2    | Entered Level 2 of the Orcish Mines
 27171 | Orc:1    | Found Xizuesk's Gadget Shoppe.
 27192 | Orc:1    | Reached skill level 10 in Fighting
 27909 | Orc:2    | Found a staircase to the Elven Halls.
 28643 | Orc:2    | Reached skill level 1 in Spellcasting
 29087 | Orc:2    | Found Amif's Jewellery Boutique.
 29087 | Orc:2    | Found Dampakeps's Assorted Antiques.
 29092 | Orc:2    | Found Nenwetosch's Distillery.
 29092 | Orc:2    | Found Qexkot's Jewellery Boutique.
 29141 | Orc:2    | Bought a potion of might for 64 gold pieces
 29141 | Orc:2    | Bought a potion of berserk rage for 80 gold pieces
 29141 | Orc:2    | Bought a potion of heal wounds for 80 gold pieces
 29141 | Orc:2    | Bought a potion of ambrosia for 128 gold pieces
 29143 | Orc:2    | Bought a fabulously ornate robe for 193 gold pieces
 29143 | Orc:2    | Bought a small peridot amulet for 170 gold pieces
 29561 | Elf:1    | Entered Level 1 of the Elven Halls
 29683 | Elf:1    | Reached XP level 16. HP: 51/97 MP: 19/19
 29931 | Elf:1    | Reached skill level 14 in Armour
 29981 | Elf:1    | Reached ***** piety under Ashenzari
 29996 | Elf:1    | Found a magical portal.
 30104 | WizLab   | Entered The Hall of the Hellbinder
 30474 | WizLab   | HP: 5/145 [rust devil (4)]
 30477 | WizLab   | Slain by a red devil

Skill      XL: |  1  2  3  4  5  6  7  8  9 10 11 12 13 14 15 16 |
---------------+-------------------------------------------------+-----
Short Blades   | 3 8 9 10 11 12 13 | 13.8
Stealth        | 1 2 3 4 5 6 7 8 9 10 | 10.9
Dodging        | 3 7 8 9 10 11 12 | 12.8
Armour         | 1 6 7 8 9 10 11 12 13 14 | 14.0
Fighting       | 3 4 5 6 7 8 9 10 | 10.3
Evocations     | 2 3 4 5 |  5.0
Throwing       | 2 3 |  3.0
Spellcasting   | 1 2 |  2.0

Action                   |  1- 3 |  4- 6 |  7- 9 | 10-12 | 13-15 | 16-18 || total
-------------------------+-------+-------+-------+-------+-------+-------++-------
Melee: Rapier            |   138 |   157 |   568 |    94 |   270 |     3 ||  1230
       Dagger            |       |       |       |  1222 |   287 |       ||  1509
       Short sword       |       |       |       |    21 |  1957 |   201 ||  2179
       Headbutt          |       |       |       |       |   180 |    55 ||   235
Throw: Throwing net      |     3 |     2 |     2 |     1 |     1 |       ||     9
       Javelin           |       |     3 |     1 |       |       |       ||     4
Invok: Curse Item        |       |       |       |       |     1 |       ||     1
 Abil: Fly               |       |       |       |       |     1 |       ||     1
Evoke: Wand              |       |       |    11 |    10 |     8 |     2 ||    31
  Use: Scroll            |       |     5 |     8 |     9 |    18 |     1 ||    41
       Potion            |       |     5 |       |     4 |    18 |     4 ||    31
 Stab: Sleeping          |     1 |       |     5 |       |       |       ||     6
       Distracted        |       |     1 |       |       |       |       ||     1
       Held in net/web   |       |       |     2 |     1 |     1 |       ||     4
       Confused          |       |       |       |    12 |     5 |       ||    17
       Invisible         |       |       |       |       |     5 |       ||     5
  Eat: Chunk             |     2 |     6 |    10 |    30 |    38 |     4 ||    90
       Ration            |       |       |       |       |     4 |       ||     4
Armor: Leather armour    |    55 |    46 |     9 |       |       |       ||   110
       Ring mail         |       |       |   143 |    12 |       |       ||   155
       Crystal plate arm |       |       |     7 |   785 |  1572 |    85 ||  2449
Dodge: Dodged            |   102 |    93 |   331 |   424 |   906 |    58 ||  1914
